AoeStats
← Huntsky

Four Lakes

510233929Analyzed
1v1 RM · 15h ago on Sep 30, 2026· 75m 32s· 2 players
Game mode
Random Map
Map size
Tiny (2 player)
Population
200
Speed
Normal
Resources
Standard
Victory
Conquest
Starting age
Dark Age
Ending age
Imperial Age
RankedLock teamsTeams togetherTeam positionsShared explorationLock speedFull tech treeHidden civsTurbo modeCheats
Victory
Defeat
🇺🇸 Britons · United States
834
+19
🇨🇳 Wu · China
895
-19
Huntsky
0:51 Loom
9:48 Feudal Age
10:14 Double-Bit Axe
9:55 Man-at-Arms
13:09 Scale Mail Armor
16:19 Wheelbarrow
16:39 Fletching
17:46 Horse Collar
18:10 Padded Archer Armor
24:15 Castle Age
24:45 Scale Barding Armor
24:18 Crossbowman
25:24 Leather Archer Armor
25:22 Husbandry
28:05 Ballistics
28:50 Bodkin Arrow
29:21 Murder Holes
29:37 Masonry
30:14 Gold Mining
31:23 Heavy Plow
32:21 Hand Cart
33:13 Chain Barding Armor
35:39 Gold Shaft Mining
35:37 Bow Saw
37:10 Forging
40:47 Imperial Age
40:08 Iron Casting
44:51 Cavalier
46:50 Chemistry
46:01 Light Cavalry
47:23 Plate Barding Armor
50:38 Bracer
53:45 Pikeman
57:13 Squires
58:40 Two-Man Saw
63:12 Ring Archer Armor
炸药菌
0:32 Loom
12:05 Feudal Age
12:44 Double-Bit Axe
12:40 Man-at-Arms
14:24 Arson
17:13 Wheelbarrow
24:03 Castle Age
22:17 Gold Mining
24:10 Stone Mining
24:45 Forging
24:25 Fletching
24:37 Padded Archer Armor
24:43 Scale Barding Armor
26:06 Town Watch
25:46 Crossbowman
26:36 Horse Collar
28:08 Bow Saw
29:19 Hand Cart
29:33 Bodkin Arrow
30:09 Squires
31:31 Pikeman
32:53 Heavy Plow
33:02 Red Cliffs Tactics
36:12 Ballistics
35:48 Murder Holes
37:02 Iron Casting
36:29 Scale Mail Armor
37:35 Stone Shaft Mining
37:39 Gold Shaft Mining
37:35 Bloodlines
37:27 Husbandry
37:46 Light Cavalry
38:43 Leather Archer Armor
39:39 Elite Skirmisher
42:04 Masonry
50:19 Fishing Lines
61:50 Imperial Age
60:31 Gillnets
70:19 Heavy Hei Guang Cavalry
74:45 Heavy Hei Guang Cavalry
Connection lost

Rejoining the realm…

Still unreachable

The connection could not be restored.

Session expired

The server has moved on; the page needs a fresh start.